 Dungeon Crawl Stone Soup version 0.22-a0-271-gc000056 (webtiles) character file.

212 nikopol the Chopper (level 5, -5/46 HPs)
             Began as a Hill Orc Fighter on Mar 11, 2018.
             Killed from afar by an orc wizard (6 damage)
             ... with a puff of frost
             ... on level 5 of the Dungeon.
             The game lasted 00:07:31 (1984 turns).

nikopol the Chopper (Hill Orc Fighter)              Turns: 1984, Time: 00:07:32

Health: -5/46      AC:  8    Str: 25    XL:     5   Next: 89%
Magic:  5/5        EV:  8    Int:  8    God:
Gold:   160        SH: 10    Dex: 16    Spells: 4/4 levels left

rFire    . . .     SeeInvis .   a - +0 war axe
rCold    . . .     Gourm    .   c - +0 shield
rNeg     . . .     Faith    +   b - +0 scale mail
rPois    .         Spirit   .   j - +0 helmet
rElec    .         Reflect  .   s - scarf {cloud immunity}
rCorr    .         Harm     .   (no gloves)
MR       .....     Rnd*Tele +   (no boots)
Stlth    ..........             i - amulet of faith
HPRegen  0.15/turn              g - ring of teleportation (curse)
MPRegen  0.09/turn              t - +6 ring of dexterity

@: mighty, lethally poisoned (-5 -> -10)
A: no striking features
a: no special abilities


You were on level 5 of the Dungeon.
You were not hungry.

You visited 1 branch of the dungeon, and saw 4 of its levels.

You collected 160 gold pieces.

Inventory:

Hand Weapons
 a - a +0 war axe (weapon)
Armour
 b - a +0 scale mail (worn)
 c - a +0 shield (worn)
 h - a +0 cloak
 j - a +0 helmet (worn)
 s - a scarf of cloud immunity (worn)
Jewellery
 g - a cursed ring of teleportation (left hand)
 i - an amulet of faith (around neck)
 l - an uncursed ring of flight
 o - a +3 ring of intelligence
 t - a +6 ring of dexterity (right hand)
Wands
 y - a wand of flame (5)
Scrolls
 e - 4 scrolls of identify
 k - a scroll of amnesia
 m - a scroll of blinking
 p - 2 scrolls of immolation
Potions
 n - a potion of cancellation {unknown}
 q - 2 potions of agility {unknown}
 v - 2 potions of ambrosia {unknown}
 x - 2 potions of flight {unknown}
 z - a potion of heal wounds {unknown}
Comestibles
 f - 6 rations
 r - 6 chunks of flesh


   Skills:
 + Level 4.2 Fighting
 + Level 5.1 Axes
 + Level 4.1 Armour
 + Level 0.6 Dodging
 + Level 4.6 Shields


You had 4 spell levels left.
You didn't know any spells.

Dungeon Overview and Level Annotations

Branches:
Dungeon (3/15)

Altars:

Annotations:
D:5 Dowan, Duvessa


Message History

The magic dart hits you!
The orc wizard hits you but does no damage.
You barely miss Duvessa. You closely miss the orc wizard.
You feel sick. You block the orc wizard's attack. You block Duvessa's attack.
The orc wizard casts a spell at you. The puff of flame hits you!
* * * LOW HITPOINT WARNING * * *
Dowan hits you with a dagger.
* * * LOW HITPOINT WARNING * * *
You slash Duvessa!
Duvessa is heavily wounded.
You slash the orc wizard! You barely miss Dowan.
* * * LOW HITPOINT WARNING * * *
You feel sick. You block the orc wizard's attack.
Duvessa hits you but does no damage.
Dowan casts a spell.
Dowan blinks!
The orc wizard points at you and mumbles some strange words.
The puff of frost hits you!
You die...

#...##.....
#...##....
##...##...# #
....##...###.#
...........
........
#.##Oo#
##.##@e######
#.....).....#
#......e....#
#...........#
##..##.######
#### .# .. ...
....


You could see Duvessa, an ogre, Dowan and an orc wizard.

Vanquished Creatures
  A jelly (D:5)
  2 orc wizards (D:5)
  3 gnolls (D:2)
  An adder (D:2)
  3 oozes
  2 worms (D:2)
  A dart slug (D:1)
  2 leopard geckos (D:2)
  An orc (D:3)
  8 bats
  3 giant cockroaches (D:1)
  4 goblins
  7 hobgoblins
  8 jackals
  10 kobolds
  A ball python (D:2)
  A frilled lizard (D:3)
  8 rats
66 creatures vanquished.

Notes
Turn   | Place    | Note
-------+----------+-------------------------------------------
     0 | D:1      | nikopol the Hill Orc Fighter began the quest for the Orb.
     0 | D:1      | Reached XP level 1. HP: 19/19 MP: 1/1
    19 | D:1      | Reached XP level 2. HP: 19/27 MP: 2/2
   255 | D:1      | Reached skill level 3 in Axes
   255 | D:1      | Reached XP level 3. HP: 27/33 MP: 3/3
  1073 | D:2      | Reached XP level 4. HP: 36/40 MP: 4/4
  1237 | D:2      | Reached skill level 4 in Axes
  1835 | D:3      | Reached XP level 5. HP: 43/46 MP: 5/5
  1911 | D:3      | You fall through a shaft for 2 floors!
  1911 | D:5      | Entered Level 5 of the Dungeon
  1974 | D:5      | Noticed Duvessa
  1978 | D:5      | Noticed Dowan
  1981 | D:5      | Noticed an ogre
  1981 | D:5      | Reached skill level 5 in Axes
  1983 | D:5      | HP: 2/46 [Dowan/dagger (2)]
  1984 | D:5      | Killed from afar by an orc wizard

Vault maps used:
D:1:      lightli_arrival_boilingwater, kennysheep_crisscross
D:3:      minivault_19
D:5:      nicolae_ru_the_path_less_chosen, nicolae_dithmenos_the_darkroom,
          first_ration, uniq_duvessa

Skill      XL: |  1  2  3  4  5 |
---------------+----------------+-----
Axes           | 3 4 5 |  5.1
Fighting       | 4 |  4.2
Shields        | 4 |  4.6
Armour         | 4 |  4.1
Dodging        | |  0.6

Action                   |  1- 3 |  4- 6 || total
-------------------------+-------+-------++-------
Melee: War axe           |   111 |    90 ||   201
  Use: Scroll            |       |     6 ||     6
       Potion            |       |     2 ||     2
  Eat: Chunk             |     1 |     3 ||     4
Armor: Scale mail        |    64 |    41 ||   105
Dodge: Dodged            |    39 |    36 ||    75
Block: Shield            |    62 |    62 ||   124

Table legend:
 A = Spawn XP
 B = Non-spawn XP
 C = Spawn XP percentage of total XP
 D = Spawn monster count
 E = Non-spawn monster count
 F = Spawn count percentage of total count
 G = Total turns spent on level
                    A         B        C        D         E        F      G
               +---------+---------+-------+---------+---------+-------+---------
         Total |       0 |     303 |   0.0 |       0 |      66 |   0.0 |  1984
               +---------+---------+-------+---------+---------+-------+---------
           D:1 |       0 |      55 |   0.0 |       0 |      25 |   0.0 |   922
           D:2 |       0 |      99 |   0.0 |       0 |      24 |   0.0 |   764
           D:3 |       0 |      29 |   0.0 |       0 |      14 |   0.0 |   225
           D:5 |       0 |     120 |   0.0 |       0 |       3 |   0.0 |    73
               +---------+---------+-------+---------+---------+-------+---------
